 Dungeon Crawl Stone Soup version 0.26-a0-663-g36e8fdb655 (webtiles) character file.

Game seed: 1091896524584946236

537 zazu2006 the Magician (level 7, -9/61 HPs)
             Began as a Naga Hedge Wizard on Oct 12, 2020.
             Was an Initiate of Vehumet.
             Mangled by an ice beast (21 damage)
             ... on level 4 of the Dungeon.
             The game lasted 00:11:24 (4599 turns).

zazu2006 the Magician (Naga Hedge Wizard)           Turns: 4599, Time: 00:11:25

Health: -9/61      AC: 10    Str: 13    XL:     7   Next: 25%
Magic:  4/13       EV: 14    Int: 16    God:    Vehumet [......]
Gold:   210        SH:  0    Dex: 10    Spells: 5/14 levels left

rFire    + . .     SeeInvis +   p - +3 spear
rCold    x . .     Faith    .   (no shield)
rNeg     . . .     Spirit   .   l - +0 leather armour
rPois    +         Reflect  .   c - +0 hat
rElec    .         Harm     .   y - +2 cloak
rCorr    .         Rampage  .   b - +2 pair of gloves
MR       .....                  (no barding)
Stlth    ++........             (no amulet)
HPRegen  0.20/turn              m - +4 ring of evasion
MPRegen  0.13/turn              A - ring of fire

@: short of breath, very slightly contaminated, very slow
A: large, see invisible, deformed body, poison resistance, slowness 2, spit
poison 1, AC +2
a: Spit Poison, Renounce Religion


You were on level 4 of the Dungeon.
You worshipped Vehumet.
Vehumet was noncommittal.
You visited 1 branch of the dungeon, and saw 5 of its levels.
You also visited: Sewer.

You collected 210 gold pieces.

Inventory:

Hand Weapons
 a - a +0 dagger
 p - a +3 spear (weapon)
Armour
 b - a +2 pair of gloves (worn)
 c - a +0 hat (worn)
 l - a +0 leather armour (worn)
 y - a +2 cloak (worn)
Jewellery
 m - a +4 ring of evasion (left hand)
 o - an uncursed ring of resist corrosion
 A - a ring of fire (right hand)
Wands
 C - a wand of polymorph (7)
Scrolls
 d - 2 scrolls of identify
 g - a scroll of enchant armour
 i - 6 scrolls of teleportation
 j - a scroll of fear
 k - a scroll of enchant weapon
 q - 2 scrolls of remove curse
 s - 2 scrolls of immolation {unknown}
 x - 2 scrolls of fog {unknown}
 B - a scroll of noise {unknown}
Potions
 e - 2 potions of heal wounds {unknown}
 f - 3 potions of degeneration {unknown}
 h - 2 potions of stabbing {unknown}
 n - a potion of cancellation {unknown}
 r - a potion of berserk rage
 t - 4 potions of flight
 u - 2 potions of lignification {unknown}
 v - a potion of mutation {unknown}
 w - a potion of invisibility {unknown}
 z - a potion of ambrosia {unknown}


   Skills:
 + Level 2.3 Fighting
 + Level 1.9 Armour
 + Level 2.5 Dodging
 + Level 3.9 Stealth
 + Level 4.4 Spellcasting
 + Level 2.8 Conjurations
   Level 1.0 Summonings
 + Level 1.4 Translocations
 + Level 0.3 Air Magic
 * Level 3.5 Poison Magic


You had 5 spell levels left.
You knew the following spells:

 Your Spells              Type           Power        Failure   Level
a - Magic Dart            Conj           ##..         6%          1
b - Mephitic Cloud        Conj/Pois/Air  ##......     24%         3
c - Conjure Flame         Conj/Fire      ##......     34%         3
d - Blink                 Tloc           N/A          17%         2

Your spell library contained the following spells:

 Spells                   Type           Power        Failure   Level
 Call Imp                 Summ           #.......     21%         2
 Slow                     Hex            #.......     30%         2


Dungeon Overview and Level Annotations

Branches:
Dungeon (5/15)             Temple (0/1) D:4           Sewer (visited)

Altars:
Dithmenos
Okawaru
Vehumet
Zin

Shops:
D:3 *


Innate Abilities, Weirdness & Mutations

You cannot wear boots.
Your serpentine skin is tough. (AC +2)
You have supernaturally acute eyesight. (SInv)
Armour fits poorly on your strangely shaped body.
Your system is resistant to poisons. (rPois)
You cover ground very slowly.
You can spit poison.


Message History

Aiming: Magic Dart (safe; 6% risk of failure)
Press: ? - help, Shift-Dir - straight line, f/p - ice beast
Aim: an ice beast (moderately wounded)
You miscast Magic Dart.
You are very lightly contaminated with residual magic.
Nothing appears to happen.
Press: ? - help, Shift-Dir - straight line, f/p - ice beast
Aim: an ice beast (moderately wounded)
The splash of poison misses the ice beast.
You hit the ice beast.
The ice beast is moderately wounded.
The ice beast hits you. The ice beast freezes you!
You feel a terrible chill!
* * * LOW HITPOINT WARNING * * *
You hit the ice beast but do no damage.
The ice beast is moderately wounded.
The ice beast hits you but does no damage.
The ice beast hits you.
* * * LOW HITPOINT WARNING * * *
The ice beast freezes you!!
You feel a terrible chill!
You die...

...........#....#...♣...#..###..#
##########.#..............## ##..
#######..................######..
..................#####..#......#
......###.......#.# #....######
......# ##.....##.#####...##
......###.........##.[..#.#
......#...##.#...(...##)#.#
.[......###.....@...###.#.#######
.........##.#...Y...# #).........
.....###......<.....# #[.........
[##.......#.#......####..........
......###...#...>..[.............
..........)................>.....
......#...###.......###..........
......#.#...#.......###..........
.#.#.....##.........>...<.(......


You could see an ice beast.

Vanquished Creatures
  A howler monkey (D:4)
  A bullfrog zombie (D:5)
  2 orc wizards (D:3)
  A bullfrog skeleton (D:5)
  A worker ant (D:5)
  A merfolk siren (Sewer)
  A merfolk avatar (Sewer)
  A hound skeleton (D:4)
  A worker ant zombie (D:3)
  3 gnolls (D:2)
  9 adders
  3 river rats (Sewer)
  An ooze (D:1)
  An adder skeleton (D:5)
  3 worms (D:2)
  4 dart slugs
  6 leopard geckos
  8 orcs
  5 ball pythons
  9 giant cockroaches
  8 goblins
  7 hobgoblins
  7 jackals
  A quokka (D:3)
  8 bats
  14 frilled lizards
  6 kobolds
  27 rats
140 creatures vanquished.

Notes
Turn   | Place    | Note
-------+----------+-------------------------------------------
     0 | D:1      | zazu2006 the Naga Hedge Wizard began the quest for the Orb.
     0 | D:1      | Reached XP level 1. HP: 15/15 MP: 4/4
   168 | D:1      | Reached XP level 2. HP: 21/22 MP: 3/6
   739 | D:2      | Reached XP level 3. HP: 28/28 MP: 5/8
   744 | D:2      | Learned a level 3 spell: Mephitic Cloud
   748 | D:2      | Learned a level 3 spell: Conjure Flame
   751 | D:2      | Learned a level 2 spell: Blink
  1138 | D:2      | Reached skill level 4 in Spellcasting
  1138 | D:2      | Reached XP level 4. HP: 36/36 MP: 7/10
  1747 | D:2      | Reached skill level 1 in Poison Magic
  2051 | D:2      | Found a shadowy altar of Dithmenos.
  2169 | D:3      | Reached XP level 5. HP: 17/43 MP: 11/11
  2324 | D:3      | Reached skill level 1 in Armour
  2342 | D:3      | Found a glowing drain.
  2372 | Sewer    | Entered a sewer
  2656 | Sewer    | Reached skill level 1 in Fighting
  2786 | Sewer    | Reached XP level 6. HP: 51/51 MP: 10/12
  3438 | D:3      | Found Zin's Purification Station.
  3461 | D:3      | Found a glowing silver altar of Zin.
  3603 | D:3      | Found a radiant altar of Vehumet.
  3614 | D:3      | Became a worshipper of Vehumet
  4188 | D:4      | Found a staircase to the Ecumenical Temple.
  4270 | D:4      | Reached XP level 7. HP: 53/58 MP: 13/13
  4339 | D:4      | Found an iron altar of Okawaru.
  4497 | D:5      | Entered Level 5 of the Dungeon
  4599 | D:4      | Mangled by an ice beast

Illustrated notes

Levels and vault maps discovered:
D:1:      saegor_arrival_simple_c, layout_basic
D:2:      layout_loops_ring, grunt_dithmenos_smoke
D:3:      minmay_chambers_of_twos, layout_rooms, zin_purify, marbit_many_paths,
          portal_sewer_entry_b, minmay_misc_feat_hallway
D:4:      minmay_door_path, layout_rooms, okawaru_trees_2,
          minmay_temple_entry_enclosed_plants, hex_large
D:5:      layout_basic, st_stairs_14, uniq_ijyb

Skill      XL: |  1  2  3  4  5  6  7 |
---------------+----------------------+-----
Spellcasting   | 4 |  4.4
Conjurations   | 2 |  2.8
Poison Magic   | 1 2 3 |  3.5
Dodging        | 2 |  2.5
Armour         | 1 |  1.9
Fighting       | 1 2 |  2.3
Stealth        | |  3.9
Summonings     | |  1.0
Translocations | |  1.4
Air Magic      | |  0.3

Action                   |  1- 3 |  4- 6 |  7- 9 || total
-------------------------+-------+-------+-------++-------
Melee: Dagger            |    18 |       |       ||    18
       Spear             |    12 |   321 |    56 ||   389
 Cast: Magic Dart        |    46 |    46 |     7 ||    99
       Blink             |       |     4 |     3 ||     7
       Mephitic Cloud    |       |     3 |     1 ||     4
 Abil: Spit Poison       |    12 |    12 |     3 ||    27
  Use: Scroll            |       |     6 |       ||     6
 Stab: Sleeping          |       |     2 |       ||     2
       Confused          |       |       |     1 ||     1
Armor: Robe              |     1 |       |       ||     1
       Leather armour    |     8 |    90 |    35 ||   133
Dodge: Dodged            |    24 |   242 |    50 ||   316

Table legend: (Time is in decaauts)
 A = Elapsed time spent in this place.
 B = Non-inter-level travel time spent in this place.
 C = Inter-level travel time spent in this place.
 D = Time resting spent in this place.
 E = Time spent auto-exploring this place.
 F = Levels seen in this place.
 G = Mean time per level.
                   A        B        C        D        E       F      G
               +--------+--------+--------+--------+--------+-----+--------+
         Total |   5587 |   5461 |    126 |    685 |   3341 |   6 |  931.2 |
       Dungeon |   4543 |   4417 |    126 |    483 |   2886 |   5 |  908.6 |
         Sewer |   1044 |   1044 |      0 |    202 |    455 |   1 | 1044.0 |
               +--------+--------+--------+--------+--------+-----+--------+

Top non-repeatable levels by time:
     D:2: 1376 daAuts
     D:3: 1175 daAuts
     D:1: 1122 daAuts
   Sewer: 1044 daAuts
     D:4: 765 daAuts
     D:5: 103 daAuts
